 Seeded DCSS version 0.29.1-15-g9cfb28693d (webtiles) character file.

Game seed: 5438900976079336338 (custom seed)

27 Psyclone the Stinger (level 2, 0/15 HPs)
             Began as a Deep Elf Venom Mage on Sept 25, 2023.
             Slain by Natasha (4 damage)
             ... on level 2 of the Dungeon.
             The game lasted 00:03:11 (1566 turns).

Psyclone the Stinger (Deep Elf Venom Mage)          Turns: 1566, Time: 00:03:12

Health: 0/15       AC:  2    Str:  5    XL:     2   Next: 93%
Magic:  0/8        EV: 12    Int: 19    God:
Gold:   112        SH:  0    Dex: 15    Spells: 4/7 levels left

rFire   . . .      SeeInvis +   j - +2 short sword (flame)
rCold   . . .      Faith    .   (no shield)
rNeg    . . .      Spirit   .   a - +0 robe
rPois   .          Reflect  .   (no helmet)
rElec   .          Harm     .   (no cloak)
rCorr   .          Rampage  .   (no gloves)
Will    .....                   (no boots)
Stlth   ++........              (no amulet)
HPRegen 0.05/turn               o - ring of see invisible
MPRegen 0.11/turn               (no ring)

@: very slightly contaminated
A: no striking features
a: no special abilities


You were on level 2 of the Dungeon.
You visited 1 branch of the dungeon, and saw 2 of its levels.

You collected 112 gold pieces.

Inventory:

Hand Weapons
 h - a +0 dagger
 j - a +2 short sword of flaming (weapon)
Armour
 a - a +0 robe (worn)
Magical Staves
 f - a staff of fire
Jewellery
 o - a ring of see invisible (left hand)
Scrolls
 c - a scroll of teleportation {unknown}
 d - a scroll of brand weapon {unknown}
 e - a scroll of enchant armour {unknown}
 k - a scroll of amnesia {unknown}
 l - a scroll of immolation {unknown}
 m - a scroll of noise {unknown}
 n - a scroll of poison {unknown}
Potions
 b - a potion of magic
 g - a potion of berserk rage {unknown}
 i - a potion of flight {unknown}


   Skills:
 - Level 2.4 Dodging
 - Level 2.4 Stealth
 - Level 3.0 Spellcasting
 - Level 1.1 Transmutations
 + Level 4.6 Poison Magic


You had 4 spell levels left.
You knew the following spells:

 Your Spells              Type           Power      Damage    Failure   Level
a - Poisonous Vapours     Pois/Air       22%        N/A       9%          2
v - Sting                 Tmut/Pois      52%        1d5       4%          1

Your spell library contained the following spells:

 Spells                   Type           Power      Damage    Failure   Level
 Olgreb's Toxic Radiance  Pois           20%        N/A       22%         4
 Mephitic Cloud           Conj/Pois/Air  8%         N/A       24%         3


Dungeon Overview and Level Annotations

Branches:
Dungeon (2/15) Zot: 10432

Altars:

Annotations:
D:2 Natasha


Message History

Natasha hisses angrily.
Natasha casts a spell at you. The magic dart hits you!
Ouch! That really hurt!
* * * LOW HITPOINT WARNING * * *
You take 11 damage, and have 4/15 hp.
MASSIVE DAMAGE!!
MP restored: 8 You close the door.
Natasha breaks down the door.
Casting: Poisonous Vapours (safe; 9% risk of failure)
Confirm with . or Enter, or press ? or * to list all spells.
Aiming: Poisonous Vapours (safe; 9% risk of failure)
Press: ? - help, Dir - move target, f - Natasha
Aim: Natasha Poisonous vapours surround Natasha!
Natasha is poisoned.
You now have 6/8 mp.
Casting: Poisonous Vapours (safe; 9% risk of failure)
Confirm with . or Enter, or press ? or * to list all spells.
Aiming: Poisonous Vapours (safe; 9% risk of failure)
Press: ? - help, Dir - move target, f/p - Natasha
Aim: Natasha (poisoned) Poisonous vapours surround Natasha!
Natasha looks even sicker.
You now have 4/8 mp.
Casting: Poisonous Vapours (safe; 9% risk of failure)
Confirm with . or Enter, or press ? or * to list all spells.
Aiming: Poisonous Vapours (safe; 9% risk of failure)
Press: ? - help, Dir - move target, f/p - Natasha
Aim: Natasha (very poisoned)
You miscast Poisonous Vapours.
You are very lightly contaminated with residual magic.
Nothing appears to happen.
You now have 2/8 mp.
Casting: Poisonous Vapours (safe; 9% risk of failure)
Confirm with . or Enter, or press ? or * to list all spells.
Aiming: Poisonous Vapours (safe; 9% risk of failure)
Press: ? - help, Dir - move target, f/p - Natasha
Aim: Natasha (lightly wounded, very poisoned) Poisonous vapours surround Natasha!
Natasha looks even sicker.
Natasha claws you.
You die...

#.#
#.#........
#.#
#.###'#####
#.# #.# #.#
#.# #.# #.#
#.# #+# #+#
#.# #.#
#######.####
........@..+
#
#######h####
. #.# . #'#
# ... #....
#....#
#..h.#
#....#


You could see Natasha (very poisoned).

Vanquished Creatures
  A ball python (D:2)
  5 bats (D:2)
  An endoplasm (D:1)
  A giant cockroach (D:2)
  3 goblins
  2 hobgoblins (D:1)
  7 kobolds
  A quokka (D:2)
  A frilled lizard (D:2)
  3 rats (D:2)
25 creatures vanquished.

Notes
Turn   | Place    | Note
-------+----------+-------------------------------------------
     0 | D:1      | Psyclone the Deep Elf Venom Mage began the quest for the
                  | Orb.
     0 | D:1      | Reached XP level 1. HP: 10/10 MP: 6/6
   370 | D:1      | You fall into a shaft and drop 1 floor!
   394 | D:2      | Reached XP level 2. HP: 14/15 MP: 2/8
   413 | D:2      | Reached skill level 4 in Poison Magic
   724 | D:1      | Learned a level 2 spell: Poisonous Vapours
   841 | D:1      | Found a faded altar of an unknown god.
  1559 | D:2      | Noticed Natasha
  1566 | D:2      | Slain by Natasha

Illustrated notes

Levels and vault maps discovered:
D:1:      kennysheep_arrival_forest, layout_loops_ring,
          dilly_ecumenical_altar_fadedgnrine
D:2:      layout_basic, serial_park_tiny_1, uniq_natasha

Skill      XL: |  1  2 |
---------------+-------+-----
Poison Magic   | 4 |  4.6
Dodging        | |  2.4
Stealth        | |  2.4
Spellcasting   | |  3.0
Transmutations | |  1.1

Action                   || total
-------------------------++-------
Melee: Short sword       ||    17
 Cast: Sting             ||    26
       Poisonous Vapours ||    14
Armor: Robe              ||     5
Dodge: Dodged            ||    20
